AoeStats
← tony le gros rou

African Clearing

505896253Analyzed
4v4 RM · 21d ago on Sep 11, 2026· 59m 39s· 8 players
Game mode
Random Map
Map size
Large (8 player)
Population
200
Speed
Normal
Resources
Standard
Victory
Conquest
Starting age
Dark Age
Ending age
Imperial Age
RankedLock teamsTeams togetherTeam positionsShared explorationLock speedFull tech treeHidden civsTurbo modeCheats
Victory
Defeat
🇹🇼 Chinese · Taiwan
1529
+12
🇹🇼 Spanish · Taiwan
1508
+13
🇹🇼 Jurchens · Taiwan
1439
+16
🇹🇼 Huns · Taiwan
1306
+20
🇫🇷 Mongols · France
1479
-17
🇫🇷 Maya · France
1457
-16
🇩🇪 Khmer · Germany
1414
-15
🇫🇷 Huns · France
1377
-13
Tonymontana
4:34 Loom
13:35 Feudal Age
18:54 Castle Age
18:33 Double-Bit Axe
19:16 Scale Barding Armor
19:22 Forging
19:34 Bloodlines
19:59 Husbandry
29:00 Horse Collar
32:18 Heavy Plow
33:02 Bow Saw
33:00 Town Watch
33:35 Gold Mining
35:19 Gold Shaft Mining
36:10 Wheelbarrow
37:52 Chain Barding Armor
38:34 Stone Mining
39:59 Hand Cart
39:49 Town Patrol
42:45 Imperial Age
42:21 Iron Casting
41:36 Fletching
43:22 Marauders
42:51 Elite Tarkan
44:15 Conscription
44:44 Plate Barding Armor
45:10 Blast Furnace
44:05 Bodkin Arrow
46:37 Light Cavalry
48:30 Hussar
52:16 Two-Man Saw
tony le gros rou
6:37 Loom
13:00 Feudal Age
17:20 Castle Age
15:12 Double-Bit Axe
17:48 Fletching
19:30 Bodkin Arrow
22:29 Padded Archer Armor
34:14 Ballistics
37:19 Leather Archer Armor
40:00 Bloodlines
39:50 Husbandry
40:02 Bloodlines
44:50 Imperial Age
46:46 Chemistry
45:51 Horse Collar
46:25 Bow Saw
47:09 Wheelbarrow
46:50 Bracer
51:13 Conscription
53:10 Scale Mail Armor
53:21 Forging
53:01 Pikeman
55:43 Chain Mail Armor
56:03 Iron Casting
57:18 Squires
57:04 Arson
p0n0n0
6:43 Loom
13:02 Feudal Age
14:50 Fletching
17:56 Double-Bit Axe
34:27 Wheelbarrow
38:50 Castle Age
37:05 Horse Collar
45:27 Bow Saw
45:18 Heavy Plow
45:16 Gold Mining
52:05 Imperial Age
51:44 Hand Cart
52:50 Bloodlines
52:41 Husbandry
52:55 Light Cavalry
53:53 Hussar
54:43 Scale Barding Armor
54:50 Forging
55:51 Chain Barding Armor
58:39 Plate Barding Armor
58:40 Iron Casting
ccereal
4:38 Loom
7:09 Loom
12:24 Feudal Age
17:42 Castle Age
15:47 Double-Bit Axe
16:16 Stone Mining
18:33 Fletching
19:29 Bodkin Arrow
24:19 Padded Archer Armor
25:20 Bow Saw
27:10 Ballistics
40:47 Horse Collar
48:54 Wheelbarrow
55:34 Imperial Age
55:29 Leather Archer Armor
56:18 Bracer
57:56 Chemistry
57:40 Elite Plumed Archer
58:43 Conscription
59:01 Town Watch
Sion
3:43 Loom
14:45 Feudal Age
18:59 Castle Age
17:27 Double-Bit Axe
19:14 Fletching
20:30 Bodkin Arrow
23:39 Padded Archer Armor
26:45 Ballistics
38:07 Wheelbarrow
38:16 Horse Collar
42:59 Light Cavalry
43:50 Bloodlines
43:40 Husbandry
46:26 Imperial Age
45:25 Heavy Plow
45:36 Bow Saw
45:47 Hand Cart
46:34 Forging
46:32 Scale Barding Armor
46:29 Hussar
47:45 Chain Barding Armor
48:00 Iron Casting
49:53 Plate Barding Armor
50:27 Blast Furnace
Spirit
5:32 Loom
25:49 Feudal Age
29:36 Double-Bit Axe
34:12 Castle Age
38:34 Horse Collar
40:13 Wheelbarrow
40:45 Heavy Plow
40:58 Bow Saw
46:44 Imperial Age
44:42 Gold Mining
45:02 Scale Barding Armor
45:08 Forging
46:49 Chain Barding Armor
47:22 Iron Casting
47:21 Hand Cart
47:13 Husbandry
47:26 Bloodlines
46:50 Cavalier
48:08 Plate Barding Armor
48:14 Gold Shaft Mining
48:59 Conscription
48:48 Paladin
53:25 Light Cavalry
56:38 Blast Furnace
57:39 Hussar
TheKoan
2:47 Loom
12:11 Feudal Age
13:37 Town Watch
16:43 Castle Age
15:33 Fletching
15:30 Double-Bit Axe
16:46 Crossbowman
19:56 Bodkin Arrow
23:41 Padded Archer Armor
25:43 Wheelbarrow
30:28 Ballistics
31:57 Horse Collar
47:42 Scale Mail Armor
48:13 Squires
49:42 Chain Mail Armor
TheKuan
11:31 Loom
13:39 Feudal Age
14:57 Town Watch
17:46 Castle Age
16:28 Stone Mining
19:11 Padded Archer Armor
25:57 Double-Bit Axe
28:37 Leather Archer Armor
29:30 Gold Mining
34:42 Wheelbarrow
36:22 Bloodlines
36:14 Husbandry
36:21 Horse Collar
36:59 Bow Saw
39:11 Heavy Plow
40:41 Hand Cart
40:33 Herbal Medicine
44:28 Imperial Age
43:49 Town Patrol
45:47 Ring Archer Armor
45:50 Conscription
45:12 Elite Conquistador
47:01 Stone Shaft Mining
48:00 Chemistry
47:01 Fletching
48:07 Bodkin Arrow
48:52 Ballistics
50:02 Masonry
53:36 Bracer
55:47 Supremacy
56:09 Coinage
59:47 Architecture
59:16 Murder Holes
Connection lost

Rejoining the realm…

Still unreachable

The connection could not be restored.

Session expired

The server has moved on; the page needs a fresh start.